 Dungeon Crawl Stone Soup version 0.28.0-47-ge53b351184 (webtiles) character file.

Game seed: 14624039601091396066

8 hawla the Sneak (level 2, -1/11 HPs)
             Began as a Felid Earth Elementalist on May 8, 2022.
             Slain by a gnoll
             ... wielding a +0 club
              (6 damage)
             ... on level 1 of the Dungeon.
             The game lasted 00:01:20 (276 turns).

hawla the Sneak (Felid Earth Elementalist)           Turns: 276, Time: 00:01:20

Health: -1/11      AC:  1    Str:  4    XL:     2   Next: 0%
Magic:  2/6        EV: 17    Int: 16    God:
Gold:   30         SH:  0    Dex: 16    Spells: 4/5 levels left
                                        Lives:  0   Deaths: 0

rFire   . . .      SeeInvis +   (weapon unavailable)
rCold   . . .      Faith    .   (shield unavailable)
rNeg    . . .      Spirit   .   (armour unavailable)
rPois   .          Reflect  .   (helmet unavailable)
rElec   .          Harm     .   (cloak unavailable)
rCorr   .          Rampage  .   (gloves unavailable)
Will    .....                   (boots unavailable)
Stlth   ++........              (no amulet)
HPRegen 0.03/turn               (no ring)
MPRegen 0.10/turn               (no ring)

@: quick
A: very small, claws 1, fangs 3, see invisible, speed 1, shaggy fur 1, stealthy
paws, no weapons or thrown items, no armour, multi-lived
a: no special abilities


You were on level 1 of the Dungeon.
You visited 1 branch of the dungeon, and saw 1 of its levels.

You collected 30 gold pieces.

Inventory:

Missiles
 b - 18 stones


   Skills:
 + Level 2.9 Dodging
 + Level 3.1 Stealth
 + Level 2.0 Spellcasting
 + Level 1.1 Transmutations
 + Level 3.0 Earth Magic


You had 4 spell levels left.
You knew the following spells:

 Your Spells              Type           Power      Damage    Failure   Level
a - Sandblast             Erth           22%        2d7       6%          1

Your spell library contained the following spells:

 Spells                   Type           Power      Damage    Failure   Level
 Passwall                 Tmut/Erth      6%         N/A       14%         2
 Stone Arrow              Conj/Erth      12%        3d7       32%         3
 Petrify                  Tmut/Erth      8%         N/A       65%         4


Dungeon Overview and Level Annotations

Branches:
Dungeon (1/15)

Altars:


Innate Abilities, Weirdness & Mutations

You have sharp claws.
You have razor-sharp teeth.
You have supernaturally acute eyesight. (SInv)
You cover ground quickly. (Speed+)
You are covered in fur. (AC +1)
Your paws help you pounce on unaware monsters.
You are incapable of wielding weapons or throwing items.
You cannot wear armour.
You gain extra lives every three experience levels.


Message History

Press: ? - help, v - describe, . - travel, g - get item Item here: 20 stones.
The floor.
A gnoll comes into view. It is wielding a +0 club.
Found a scroll labelled GILA KYTEJO.
A gnoll is nearby!
A gnoll is nearby!
Casting: Sandblast (safe; 6% risk of failure)
Confirm with . or Enter, or press ? or * to list all spells.
Aiming: Sandblast (safe; 6% risk of failure)
Press: ? - help, Shift-Dir - straight line, f - gnoll
Aim: a gnoll, wielding a +0 club (82% to hit)
The blast of sand hits the gnoll.
The gnoll is moderately wounded.
The gnoll hits you with a +0 club.
Ouch! That really hurt!
Casting: Sandblast (safe; 6% risk of failure)
Confirm with . or Enter, or press ? or * to list all spells.
Aiming: Sandblast (safe; 6% risk of failure)
Press: ? - help, Shift-Dir - straight line, f/p - gnoll
Aim: a gnoll, wielding a +0 club (moderately wounded, 82% to hit)
The blast of sand hits the gnoll.
The gnoll is heavily wounded.
The gnoll closely misses you.
Casting: Sandblast (safe; 6% risk of failure)
Confirm with . or Enter, or press ? or * to list all spells.
Aiming: Sandblast (safe; 6% risk of failure)
Press: ? - help, Shift-Dir - straight line, f/p - gnoll
Aim: a gnoll, wielding a +0 club (heavily wounded, 82% to hit)
The blast of sand hits the gnoll.
The gnoll is severely wounded.
The gnoll closely misses you.
Casting: Sandblast (safe; 6% risk of failure)
Confirm with . or Enter, or press ? or * to list all spells.
Aiming: Sandblast (safe; 6% risk of failure)
Press: ? - help, Shift-Dir - straight line, f/p - gnoll
Aim: a gnoll, wielding a +0 club (severely wounded, 82% to hit)
The blast of sand misses the gnoll.
The gnoll hits you with a +0 club.
Ouch! That really hurt!
You die...

.##. ....# ...
.... .... ..
#..###... ..
#...#..# .
#.#.#..#
#.##(#....#
#.#......#
#....#...#
#..@.##..#
#....g.##...# #.
#.#.?#..#.#.##
#.# #
#.###......##
#.# ...
#..#....####.#
...
#..####.......##
..# #.##
#.####...# .. #.
#..# #..## ##.#
##...#


You could see a gnoll.

Vanquished Creatures
  A dart slug (D:1)
  A ball python (D:1)
  2 hobgoblins (D:1)
  A quokka (D:1)
5 creatures vanquished.

Notes
Turn   | Place    | Note
-------+----------+-------------------------------------------
     0 | D:1      | hawla the Felid Earth Elementalist began the quest for the
                  | Orb.
     0 | D:1      | Reached XP level 1. HP: 7/7 MP: 4/4
   246 | D:1      | Reached XP level 2. HP: 11/11 MP: 3/6
   276 | D:1      | Slain by a gnoll

Illustrated notes

Levels and vault maps discovered:
D:1:      eino_arrival_cavern_d, layout_rooms, serial_shops, shop

Skill      XL: |  1 |
---------------+----+-----
Earth Magic    | 3 |  3.0
Stealth        | 3 |  3.1
Dodging        | |  2.9
Spellcasting   | |  2.0
Transmutations | |  1.1

Action                   || total
-------------------------++-------
Melee: Unarmed           ||     5
       Bite              ||     1
 Cast: Sandblast         ||    12
 Stab: Sleeping          ||     1
Armor: Skin              ||     2
Dodge: Dodged            ||     8
